 Dungeon Crawl Stone Soup version 0.29-a0-469-gd254ca66d9 (webtiles) character file.

Game seed: 10660487986859043095

11 Bruhh the Gusty (level 2, 24/24 HPs)
             Began as an Ogre Air Elementalist on May 22, 2022.
             Quit the game on level 1 of the Dungeon.
             The game lasted 00:00:39 (796 turns).

Bruhh the Gusty (Ogre Air Elementalist)              Turns: 796, Time: 00:00:39

Health: 24/24      AC:  3    Str: 11    XL:     2   Next: 25%
Magic:  5/5        EV: 10    Int: 16    God:
Gold:   18         SH:  0    Dex:  9    Spells: 5/6 levels left

rFire   . . .      SeeInvis .   (no weapon)
rCold   . . .      Faith    .   (no shield)
rNeg    . . .      Spirit   .   a - +0 robe
rPois   .          Reflect  .   (helmet restricted)
rElec   .          Harm     .   (no cloak)
rCorr   .          Rampage  .   (gloves unavailable)
Will    .....                   (boots unavailable)
Stlth   ++........              (no amulet)
HPRegen 0.08/turn               (no ring)
MPRegen 0.09/turn               (no ring)

@: no status effects
A: large, unfitting armour, tough skin 1
a: no special abilities


You were on level 1 of the Dungeon.
You visited 1 branch of the dungeon, and saw 1 of its levels.

You collected 18 gold pieces.

Inventory:

Armour
 a - a +0 robe (worn)
Scrolls
 c - a scroll of identify {unknown}
 d - 2 scrolls of fog {unknown}
Potions
 b - a potion of magic


   Skills:
 + Level 2.0 Dodging
 + Level 1.6 Stealth
 + Level 2.6 Spellcasting
 + Level 1.1 Conjurations
 + Level 2.8 Air Magic


You had 5 spell levels left.
You knew the following spells:

 Your Spells              Type           Power      Damage    Failure   Level
a - Shock                 Conj/Air       32%        1d5       9%          1

Your spell library contained the following spells:

 Spells                   Type           Power      Damage    Failure   Level
 Static Discharge         Conj/Air       8%         N/A       13%         2
 Swiftness                Air            11%        N/A       19%         3
 Sublimation of Blood     Necr           2%         N/A       30%         2
 Wereblood                Tmut           2%         N/A       30%         2
 Airstrike                Air            5%         N/A       52%         4
 Summon Hydra             Summ           1%         N/A       100%        7


Dungeon Overview and Level Annotations

Branches:
Dungeon (1/15)

Altars:


Innate Abilities, Weirdness & Mutations

You are too large for most types of armour.
You have tough skin. (AC +1)


Message History

A frilled lizard is nearby!
A frilled lizard is nearby!
The frilled lizard hisses angrily.
You see here a bat corpse.
The zap hits the frilled lizard.
You kill the frilled lizard!
You can't see any susceptible monsters within range! (Use Z to cast anyway.)
You now have 18 gold pieces (gained 10).
A rat comes into view.
A rat is nearby!
A rat is nearby!
A rat is nearby!
The zap hits the rat.
The rat is moderately wounded.
The zap hits the rat.
The rat is severely wounded.
The zap hits the rat.
You kill the rat!
d - 2 scrolls labelled TUECOI ENUICU You open the gate.
There is an open gate here.
You open the door.
There is an open door here.
There is an open gate here.
Found 2 stones.
You see here 2 stones.
A bat comes into view.
A bat is nearby!
A bat is nearby!
A bat is nearby!
The bat hits you.
The zap hits the bat.
You kill the bat!
Your Dodging skill increases to level 2!
Key pressed, stopping explore.
You can't see any susceptible monsters within range! (Use Z to cast anyway.)
You see here a bat corpse.
A frilled lizard comes into view.
A frilled lizard is nearby!
Are you sure you want to abandon this character and quit the game? (Confirm with "yes".)

#.# .#.P. #....#
#..'.♣.'.#... #.##.#..#
#....# ##.#...'.#.##
#.##.### #.####
#######.#.# #.#. .#.#
#≈≈≈..#.#
#..#########♣♣#⌠....#.#
.............#######.#
l.##.......†.....# #.#
.........####.##.####.#
#......@.# #.##...(..#
#.#.....## #.#########
#....#### #.# ####. #.#
# #.# #.#


You could see a frilled lizard (asleep).

Vanquished Creatures
  A giant cockroach (D:1)
  A goblin (D:1)
  A hobgoblin (D:1)
  A kobold (D:1)
  A quokka (D:1)
  2 bats (D:1)
  A frilled lizard (D:1)
  3 rats (D:1)
11 creatures vanquished.

Notes
Turn   | Place    | Note
-------+----------+-------------------------------------------
     0 | D:1      | Bruhh the Ogre Air Elementalist began the quest for the
                  | Orb.
     0 | D:1      | Reached XP level 1. HP: 16/16 MP: 3/3
    35 | D:1      | Reached skill level 1 in Conjurations
   495 | D:1      | Reached XP level 2. HP: 24/24 MP: 3/5
   796 | D:1      | Quit the game

Illustrated notes

Levels and vault maps discovered:
D:1:      sevenhm_arrival_forest_fort_small_3, layout_basic, serial_aquarium,
          aquarium_bridge_long_separate [aquarium_subvault_wall,
          aquarium_subvault_window, aquarium_subvault_bridge,
          aquarium_subvault_wall, aquarium_subvault_bridge,
          aquarium_subvault_window], aquarium_bridge_island_small
          [aquarium_subvault_small_water, aquarium_subvault_bridge,
          aquarium_subvault_bridge, aquarium_subvault_bridge,
          aquarium_subvault_bridge], aquarium_window_1, aquarium_window_corner,
          aquarium_window_2, aquarium_view_2e, aquarium_view_2f, aquarium_pool_1

Skill      XL: |  1  2 |
---------------+-------+-----
Conjurations   | 1 |  1.1
Dodging        | 2 |  2.0
Stealth        | |  1.6
Spellcasting   | |  2.6
Air Magic      | |  2.8

Action                   || total
-------------------------++-------
Melee: Unarmed           ||    15
 Cast: Shock             ||    19
Armor: Robe              ||     5
Dodge: Dodged            ||    14

Table legend: (Time is in decaauts)
 A = Elapsed time spent in this place.
 B = Non-inter-level travel time spent in this place.
 C = Inter-level travel time spent in this place.
 D = Time resting spent in this place.
 E = Time spent auto-exploring this place.
 F = Levels seen in this place.
 G = Mean time per level.
                   A        B        C        D        E       F      G
               +--------+--------+--------+--------+--------+-----+--------+
         Total |    796 |    796 |      0 |      0 |    722 |   1 |  796.0 |
       Dungeon |    796 |    796 |      0 |      0 |    722 |   1 |  796.0 |
               +--------+--------+--------+--------+--------+-----+--------+

Top non-repeatable levels by time:
     D:1: 796 daAuts
